 Dungeon Crawl Stone Soup version 0.21.1-1-g345015f (webtiles) character file.

2161 shakethe the Ducker (level 9, -2/69 HPs)
             Began as an Octopode Transmuter on Feb 7, 2018.
             Was a Follower of Cheibriados.
             Splashed by a jelly's acid (8 damage)
             ... on level 6 of the Dungeon.
             The game lasted 00:31:33 (5627 turns).

shakethe the Ducker (Octopode Transmuter)           Turns: 5627, Time: 00:31:34

Health: -2/69      AC:  2    Str: 12    XL:     9   Next: 32%
Magic:  11/15      EV: 15    Int: 18    God:    Cheibriados [*.....]
Gold:   270        SH:  0    Dex: 19    Spells: 9/17 levels left

rFire    . . .     SeeInvis .     - Unarmed
rCold    + + +     Gourm    .   (shield currently unavailable)
rNeg     . . .     Faith    .   (helmet currently unavailable)
rPois    +         Spirit   .   g - amulet of regeneration
rElec    .         Reflect  .   f - ring of protection from fire
rCorr    .         Harm     .   k - ring of wizardry
MR       .....                  (no ring)
Stlth    +++.......             (no ring)
HPRegen  0.61/turn              (no ring)
MPRegen  0.14/turn              (no ring)
                                (no ring)
                                (no ring)

@: ice-form, corroded, very slow
A: large, almost no armour, stealthy swim, amphibious, 8 rings, (constrict 8)
a: End Transformation, Bend Time, Renounce Religion


You were on level 6 of the Dungeon.
You worshipped Cheibriados.
Cheibriados was aware of your devotion.
You were hungry.
You were a creature of crystalline ice.
You visited 2 branches of the dungeon, and saw 7 of its levels.

You collected 270 gold pieces.

Inventory:

Missiles
 a - 97 arrows
Armour
 u - a +0 buckler (melded)
Jewellery
 f - a ring of protection from fire (left front paw)
 g - an amulet of regeneration (around neck)
 i - an uncursed amulet of the gourmand {unknown}
 k - a ring of wizardry (right front paw)
 s - an uncursed amulet of magic regeneration {unknown}
Wands
 j - a wand of acid (6)
 t - a wand of enslavement (15)
Scrolls
 d - 7 scrolls of remove curse {unknown}
 e - 5 scrolls of identify
 m - a scroll of fog {unknown}
 p - a scroll of magic mapping
 r - a scroll of teleportation {unknown}
Potions
 h - 3 potions of heal wounds {unknown}
 l - 2 potions of ambrosia {unknown}
 n - a potion of lignification {unknown}
 o - 3 potions of flight {unknown}
 q - 2 potions of degeneration {unknown}
Books
 b - a book of Changes

   Spells                             Type                      Level
   a - Beastly Appendage              Transmutation                1
   b - Sticks to Snakes               Transmutation                2
   c - Spider Form                    Transmutation/Poison         3
   d - Ice Form                       Ice/Transmutation            4
   e - Blade Hands                    Transmutation                5
Comestibles
 c - 9 rations


   Skills:
 + Level 3.8 Fighting
 * Level 7.0 Dodging
 + Level 2.9 Stealth
 + Level 0.4 Shields
 * Level 5.3 Unarmed Combat
 + Level 4.5 Spellcasting
 + Level 4.8 Transmutations
 - Level 2.3 Ice Magic
 - Level 2.0 Poison Magic
 + Level 2.7 Invocations


You had 9 spell levels left.
You knew the following spells:

 Your Spells              Type           Power        Failure   Level  Hunger
a - Beastly Appendage     Tmut           ###...       1%          1    None
b - Spider Form           Tmut/Pois      ###.......   4%          3    ###....
c - Ice Form              Ice/Tmut       ###.....     13%         4    ####...


Dungeon Overview and Level Annotations

Branches:
Dungeon (6/15)             Temple (1/1) D:4

Altars:
Ashenzari
Cheibriados
Dithmenos
Elyvilon
Fedhas
Gozag
Hepliaklqana
Kikubaaqudgha
Makhleb
Nemelex Xobeh
Okawaru
Qazlal
Ru
Uskayaw
Wu Jian
Xom
Yredelemnul
Zin
The Shining One

Annotations:
D:5 Grinder


Innate Abilities, Weirdness & Mutations

You cannot wear most types of armour.
You are very stealthy in the water. (Stealth+)
You are amphibious.
You can wear up to eight rings at the same time.
((You can use your tentacles to constrict eight enemies at once.))
((Your skin changes colour to match your surroundings (Stealth+).))
((Your rubbery body absorbs attacks. (AC +1, EV +1)))


Message History

The jelly is severely wounded.
The jelly completely misses you.
You tentacle-slap the jelly.
Your tentacles burn!
* * * LOW HITPOINT WARNING * * *
You tentacle-slap the jelly.
The jelly is almost dead.
The jelly hits you.
* * * LOW HITPOINT WARNING * * *
You are splashed with acid!
The acid burns!
* * * LOW HITPOINT WARNING * * *
Okay, then.
Casting: Beastly Appendage
Confirm with . or Enter, or press ? or * to list all spells.
You turn into a creature of crystalline ice.
Your +0 buckler melds into your body.
You are feeling hungry.
The jelly hits you.
* * * LOW HITPOINT WARNING * * *
You are splashed with acid!
The acid burns!
You die...

............(......))<#.......#.#
....###'###############.#######.#
....+...# ..........# #.#
....##### ########.#.# #.# ....#
#.. ..#.#.# #.# ....# #.# #.#.#.#
#.# ....# #####.####.#.#.# #.#
....# .##....J.......#.#####.#
.......Y.......#.......#
...............#########
...............#########
.##.....................
#...........##########
#............... #............###
##########'#!# #.#.#


You could see a jelly.

Vanquished Creatures
  The ghost of inmateoo the Magician, a novice GnWz of Vehumet (D:6)
  An orc warrior (D:3)
  A black bear (D:6)
  3 phantoms
  3 ogres
  A centaur (D:6)
  A big kobold (D:6)
  Blork the orc (D:5)
  2 bullfrogs
  2 crimson imps
  A howler monkey (D:4)
  A jelly (D:6)
  A bullfrog skeleton (D:5)
  4 orc priests
  A hound (D:6)
  8 orc wizards
  A worker ant (D:6)
  A hound skeleton (D:4)
  5 adders
  A shadow imp (D:6)
  2 oozes
  An adder skeleton (D:4)
  7 leopard geckos
  19 orcs
  2 ball pythons (D:3)
  7 bats
  3 giant cockroaches (D:3)
  6 goblins
  6 hobgoblins
  9 jackals
  6 kobolds
  7 quokkas
  5 frilled lizards
  A giant cockroach zombie (D:6)
  26 rats
147 creatures vanquished.

Notes
Turn   | Place    | Note
-------+----------+-------------------------------------------
     0 | D:1      | shakethe the Octopode Transmuter began the quest for the Orb.
     0 | D:1      | Reached XP level 1. HP: 13/13 MP: 3/3
     4 | D:1      | Noticed an electric eel
     4 | D:1      | Noticed an electric eel
   107 | D:1      | Reached XP level 2. HP: 14/18 MP: 5/5
   442 | D:1      | Reached skill level 3 in Dodging
   817 | D:2      | Reached XP level 3. HP: 18/23 MP: 6/6
  1129 | D:2      | Learned a level 3 spell: Spider Form
  1184 | D:2      | Reached XP level 4. HP: 22/28 MP: 7/7
  1561 | D:3      | Reached skill level 4 in Dodging
  1719 | D:3      | Reached XP level 5. HP: 22/33 MP: 6/9
  1777 | D:3      | Noticed an orc warrior
  1927 | D:3      | Found a sacrificial altar of Ru.
  1928 | D:3      | Found an ornate altar of the Wu Jian Council.
  1931 | D:3      | Found a blossoming altar of Fedhas.
  1946 | D:3      | Found an opulent altar of Gozag.
  2031 | D:3      | Killed an orc warrior
  2031 | D:3      | Reached skill level 1 in Poison Magic
  2031 | D:3      | Reached XP level 6. HP: 34/38 MP: 7/10
  2305 | D:3      | Found a burning altar of Makhleb.
  2306 | D:3      | Found a shimmering altar of Xom.
  2699 | D:4      | Noticed a phantom
  2819 | D:4      | Found a staircase to the Ecumenical Temple.
  2875 | Temple   | Entered the Ecumenical Temple
  3141 | D:4      | Reached skill level 5 in Dodging
  3162 | D:4      | Reached XP level 7. HP: 44/44 MP: 7/11
  3892 | D:4      | Learned a level 4 spell: Ice Form
  3908 | D:4      | Found a snail-covered altar of Cheibriados.
  3919 | D:4      | Became a worshipper of Cheibriados the Contemplative
  4135 | D:5      | Entered Level 5 of the Dungeon
  4136 | D:5      | Found an iron altar of Okawaru.
  4137 | D:5      | Noticed Blork the orc
  4158 | D:5      | Killed Blork the orc
  4158 | D:5      | Reached XP level 8. HP: 51/51 MP: 6/13
  4266 | D:5      | Reached skill level 1 in Ice Magic
  4266 | D:5      | Reached skill level 1 in Invocations
  4351 | D:5      | Reached skill level 6 in Dodging
  4401 | D:5      | Noticed Grinder
  4757 | D:5      | Paralysed by Grinder for 5 turns
  4856 | D:6      | Reached * piety under Cheibriados
  4922 | D:6      | Reached skill level 1 in Stealth
  5001 | D:6      | Noticed inmateoo's ghost (novice GnWz)
  5061 | D:6      | Killed inmateoo's ghost
  5061 | D:6      | Reached skill level 5 in Unarmed Combat
  5061 | D:6      | Reached XP level 9. HP: 45/57 MP: 15/15
  5425 | D:6      | Reached skill level 7 in Dodging
  5465 | D:6      | Found an ancient bone altar of Kikubaaqudgha.
  5627 | D:6      | Splashed by a jelly's acid

Skill      XL: |  1  2  3  4  5  6  7  8  9 |
---------------+----------------------------+-----
Dodging        | 3 4 5 6 7 |  7.0
Spellcasting   | 3 4 |  4.5
Transmutations | 3 4 |  4.8
Poison Magic   | 1 2 |  2.0
Fighting       | 2 3 |  3.8
Unarmed Combat | 4 5 |  5.3
Ice Magic      | 2 |  2.3
Invocations    | 2 |  2.7
Stealth        | 2 |  2.9
Shields        | |  0.4

Action                   |  1- 3 |  4- 6 |  7- 9 || total
-------------------------+-------+-------+-------++-------
Melee: Unarmed           |    91 |   157 |   261 ||   509
       Constrict         |    30 |    35 |    21 ||    86
       Tentacles         |     8 |    21 |    32 ||    61
       Kick              |     9 |    15 |     6 ||    30
       Punch             |     1 |     3 |     6 ||    10
 Cast: Beastly Appendage |     7 |    12 |     6 ||    25
       Spider Form       |       |     6 |    11 ||    17
       Ice Form          |       |       |     5 ||     5
  Use: Scroll            |     1 |       |     2 ||     3
 Stab: Sleeping          |     2 |     1 |     3 ||     6
       Distracted        |     1 |       |       ||     1
  Eat: Chunk             |     1 |     7 |     6 ||    14
       Ration            |       |       |     1 ||     1
Armor: Skin              |     7 |     9 |    14 ||    30
Dodge: Dodged            |    67 |   129 |   184 ||   380
